[Event "2nd Serbian League-Vojvodina 2023"]
[Site "Novi Sad"]
[Date "2023.11.07"]
[Round "8.2"]
[White "Kopasz, Robert"]
[Black "Szalai, Kornel"]
[Result "0-1"]
[ECO "B50"]
[WhiteElo "2241"]
[BlackElo "2383"]
[Annotator "RC"]
[PlyCount "110"]
[EventDate "2023.10.22"]
[EventType "team-tourn"]
[EventCountry "SRB"]
[SourceTitle "playchess.com"]
[Source "ChessBase"]
[SourceQuality "1"]
[TimeControl "40/5400+30:1800+30"]

1. e4 c5 2. Nf3 d6 3. c3 Nf6 4. Be2 e6 5. O-O Nbd7 6. d3 c4 7. Na3 cxd3 8. Bxd3 a6 9. Bc2 Qc7 10. Bf4 Be7 11. Qe2 e5 12. Bg5 b5 13. Nb1 Nb6 14. Nbd2 h6 15. Be3 Nfd7 16. Rfd1 Bb7 17. Nf1 O-O 18. Ng3 Rfe8 19. Nf5 Bf8 20. Bxb6 Nxb6 21. Ne3 Bc6 22. Nd5 Nxd5 23. exd5 Bd7 24. a4 g6 25. axb5 axb5 26. Rxa8 Rxa8 27. Nd2 h5 28. Ne4 Be7 29. h3 h4 30. Qd2 Kg7 31. Bb1 Qd8 32. Qe2 f5 33. Nd2 Qb6 34. Nf3 Bf6 35. Qd2 b4 36. cxb4 e4 37. Ne1 Ra4 38. Nc2 Bxb2 39. Kh1 Bf6 40. Qf4 Kf7 41. Re1 Bb5 42. Ne3 Bd7 43. Qh6 Qxb4 44. Rc1 Bg7 45. Qxh4 Ra1 46. Qd8 Rxb1 47. Qxd7+ Kg8 48. Qc8+ Kh7 49. Rxb1 Qxb1+ 50. Kh2 Qe1 51. Qc2 Bd4 52. Qd1 Qxd1 53. Nxd1 f4 54. Kg1 Kg7 55. Kf1 Kf6 0-1

[Event "2nd Serbian League-Vojvodina 2023"]
[Site "Novi Sad"]
[Date "2023.11.07"]
[Round "8.3"]
[White "Nadj Hedjesi, Balind"]
[Black "Nagy, Attila N"]
[Result "1-0"]
[ECO "B43"]
[WhiteElo "2227"]
[BlackElo "2164"]
[Annotator "RC"]
[PlyCount "90"]
[EventDate "2023.10.22"]
[EventType "team-tourn"]
[EventCountry "SRB"]
[SourceTitle "playchess.com"]
[Source "ChessBase"]
[SourceQuality "1"]
[TimeControl "40/5400+30:1800+30"]

1. e4 c5 2. Nc3 e6 3. Nf3 a6 4. d4 cxd4 5. Nxd4 Qc7 6. Be3 Nf6 7. a3 b5 8. Bd3 Bb7 9. Qe2 Be7 10. f4 d6 11. g4 d5 12. e5 Ne4 13. Bxe4 dxe4 14. Qf2 Nd7 15. h4 Rc8 16. Rh3 b4 17. axb4 Bxb4 18. Bd2 Bc5 19. Na4 Be7 20. Rc3 Qd8 21. Rxc8 Qxc8 22. h5 O-O 23. g5 Bd5 24. h6 g6 25. Qe3 Qb8 26. c4 Ba8 27. Qb3 Qc7 28. Qc3 Rb8 29. O-O-O e3 30. Bxe3 Be4 31. Nc2 Qc6 32. b3 Qb7 33. Kb2 Bc6 34. Ra1 Be4 35. Bd4 Rc8 36. Rd1 Bf3 37. Rd3 Bc6 38. Kc1 Bxa4 39. bxa4 Qc6 40. a5 Qa4 41. Ne3 Nc5 42. Bxc5 Bxc5 43. Nc2 Bf8 44. Rd4 Bc5 45. Rd6 Qa2 1-0

[Event "2nd Serbian League-Vojvodina 2023"]
[Site "Novi Sad"]
[Date "2023.11.07"]
[Round "8.4"]
[White "Gusev, Mikhail"]
[Black "Farkas, Tibor"]
[Result "1/2-1/2"]
[ECO "D00"]
[WhiteElo "2012"]
[BlackElo "2210"]
[Annotator "RC"]
[PlyCount "123"]
[EventDate "2023.10.22"]
[EventType "team-tourn"]
[EventCountry "SRB"]
[SourceTitle "playchess.com"]
[Source "ChessBase"]
[SourceQuality "1"]
[TimeControl "40/5400+30:1800+30"]

1. d4 Nf6 2. Nc3 d5 3. Bf4 a6 4. e3 e6 5. Nf3 c5 6. a4 Nc6 7. Be2 Bd6 8. Ne5 Qc7 9. Nxc6 Bxf4 10. exf4 bxc6 11. g3 Qb6 12. a5 Qxb2 13. Na4 Qxd4 14. Qxd4 cxd4 15. Nb6 Rb8 16. Nxc8 Rxc8 17. Bxa6 Rc7 18. O-O Ke7 19. Rfb1 Ra8 20. Bb7 Ra7 21. a6 Nd7 22. Ra4 c5 23. Kf1 c4 24. Rab4 Nc5 25. Rb6 Kd7 26. f3 g6 27. Ke1 d3 28. cxd3 Nxd3+ 29. Kd2 Nc5 30. R1b4 Nb3+ 31. Rxb3 cxb3 32. Rxb3 Rc4 33. Ke3 h5 34. g4 h4 35. f5 g5 36. fxe6+ fxe6 37. h3 Ra4 38. Kd3 Kd6 39. Rb6+ Ke5 40. Rb3 Kf4 41. Rb6 e5 42. Rf6+ Kg3 43. Rf5 Ra3+ 44. Ke2 Kxh3 45. Rxe5 R7xa6 46. Bxa6 Rxa6 47. Rxd5 Kg2 48. Rxg5 Re6+ 49. Kd3 Rh6 50. Ke3 Re6+ 51. Kf4 h3 52. Rh5 Rf6+ 53. Ke5 Rxf3 54. g5 h2 55. g6 Rh3 56. Rxh3 Kxh3 57. g7 h1=Q 58. g8=Q Qe1+ 59. Kf6 Qf2+ 60. Kg7 Qg3+ 61. Kf8 Qxg8+ 62. Kxg8 1/2-1/2

[Event "2nd Serbian League-Vojvodina 2023"]
[Site "Novi Sad"]
[Date "2023.11.07"]
[Round "8.5"]
[White "Juhasz, Bence R"]
[Black "Levitan, Judah Nathan"]
[Result "0-1"]
[ECO "E40"]
[WhiteElo "2210"]
[BlackElo "1937"]
[Annotator "RC"]
[PlyCount "62"]
[EventDate "2023.10.22"]
[EventType "team-tourn"]
[EventCountry "SRB"]
[SourceTitle "playchess.com"]
[Source "ChessBase"]
[SourceQuality "1"]
[TimeControl "40/5400+30:1800+30"]

1. d4 Nf6 2. c4 e6 3. Nc3 Bb4 4. e3 d5 5. Bd3 dxc4 6. Bxc4 c5 7. a3 Ba5 8. Nf3 Nc6 9. O-O cxd4 10. exd4 h6 11. Qd3 O-O 12. Be3 Ne7 13. Rad1 Ned5 14. Ne2 a6 15. Ba2 b5 16. Bb1 Bb7 17. Ng3 Ne7 18. Ne5 Bc7 19. Bf4 Rc8 20. Rfe1 Bxe5 21. Bxe5 Ng6 22. h4 Ng4 23. h5 Qh4 24. f3 Qh2+ 25. Kf1 Bd5 26. b3 f5 27. hxg6 f4 28. Re4 fxg3 29. Rxg4 Qh1+ 30. Ke2 Qxg2+ 31. Ke1 Qf2# 0-1

[Event "2nd Serbian League-Vojvodina 2023"]
[Site "Novi Sad"]
[Date "2023.11.07"]
[Round "8.6"]
[White "Molnar Gabor, Roland"]
[Black "Kecskemeti, Arpad"]
[Result "0-1"]
[ECO "A84"]
[WhiteElo "2041"]
[BlackElo "2185"]
[Annotator "RC"]
[PlyCount "86"]
[EventDate "2023.10.22"]
[EventType "team-tourn"]
[EventCountry "SRB"]
[SourceTitle "playchess.com"]
[Source "ChessBase"]
[SourceQuality "1"]
[TimeControl "40/5400+30:1800+30"]

1. d4 f5 2. c4 Nf6 3. Nc3 e6 4. Nf3 Bb4 5. a3 Bxc3+ 6. bxc3 O-O 7. g3 b6 8. Bg2 Bb7 9. O-O d6 10. c5 bxc5 11. Qb3 Bd5 12. c4 Be4 13. dxc5 dxc5 14. Ng5 Bxg2 15. Kxg2 Re8 16. Qb7 Nbd7 17. Rd1 Qc8 18. Rb1 Nb6 19. Qc6 h6 20. Nh3 e5 21. Qxc5 Ne4 22. Qb4 Qe6 23. f3 c5 24. Qb3 Nd6 25. Be3 Rac8 26. Bg1 Ndxc4 27. Nf2 Nd5 28. Kh1 Nce3 29. Rdc1 c4 30. Qa4 c3 31. Nd3 c2 32. Rb7 a6 33. Ra7 Nc3 34. Qxa6 Qxa6 35. Rxa6 Nxe2 36. Bxe3 e4 37. fxe4 Nxc1 38. Nxc1 Rxe4 39. Bf2 Rd8 40. Kg2 Rd1 41. Ra8+ Kh7 42. Nb3 Rc4 43. Ra5 Rb1 0-1

[Event "2nd Serbian League-Vojvodina 2023"]
[Site "Novi Sad"]
[Date "2023.11.07"]
[Round "8.7"]
[White "Somborski, Nebojsa"]
[Black "Bokros, Albert"]
[Result "1/2-1/2"]
[ECO "B84"]
[WhiteElo "2266"]
[BlackElo "2447"]
[Annotator "RC"]
[PlyCount "37"]
[EventDate "2023.10.22"]
[EventType "team-tourn"]
[EventCountry "SRB"]
[SourceTitle "playchess.com"]
[Source "ChessBase"]
[SourceQuality "1"]
[TimeControl "40/5400+30:1800+30"]

1. e4 c5 2. Nf3 e6 3. d4 cxd4 4. Nxd4 Nf6 5. Nc3 d6 6. Be2 a6 7. O-O Nbd7 8. a4 b6 9. f4 Bb7 10. Bf3 Rc8 11. Qe2 Qc7 12. Kh1 Be7 13. e5 Bxf3 14. Nxf3 dxe5 15. fxe5 Ng4 16. Qxa6 O-O 17. Bf4 Bb4 18. Na2 Be7 19. Nc3 1/2-1/2

[Event "2nd Serbian League-Vojvodina 2023"]
[Site "Novi Sad"]
[Date "2023.11.07"]
[Round "8.8"]
[White "Varga, Zoltan"]
[Black "Jakovljev, Zoran"]
[Result "1-0"]
[ECO "A42"]
[WhiteElo "2356"]
[BlackElo "2194"]
[Annotator "RC"]
[PlyCount "85"]
[EventDate "2023.10.22"]
[EventType "team-tourn"]
[EventCountry "SRB"]
[SourceTitle "playchess.com"]
[Source "ChessBase"]
[SourceQuality "1"]
[TimeControl "40/5400+30:1800+30"]

1. c4 g6 2. d4 Bg7 3. e4 d6 4. Nc3 Nd7 5. Bg5 f6 6. Be3 e5 7. h4 Nh6 8. f3 c6 9. Nge2 O-O 10. Qd2 Nf7 11. g4 Re8 12. O-O-O Qe7 13. Kb1 Nf8 14. h5 g5 15. Ng3 a6 16. a3 h6 17. Be2 Qc7 18. Qc2 exd4 19. Bxd4 Ne6 20. Be3 Ne5 21. Nf5 Bf8 22. Rc1 Nf7 23. Na4 Nc5 24. Nxd6 Bxd6 25. Nxc5 b6 26. Na4 c5 27. Rcd1 Be5 28. Rd3 Nd8 29. Rb3 Rb8 30. Nc3 Ne6 31. Nd5 Qc6 32. Rd3 b5 33. cxb5 axb5 34. Rc1 c4 35. Nb4 Qc7 36. Rd5 Bb7 37. Rxb5 Bxe4 38. Qxe4 Rxb5 39. Bxc4 Rxb4 40. Bxe6+ Kh8 41. axb4 Qe7 42. Rc6 Qd8 43. Qg6 1-0

[Event "2nd Serbian League-Vojvodina 2023"]
[Site "Novi Sad"]
[Date "2023.11.07"]
[Round "8.9"]
[White "Popovic, Zoran"]
[Black "Strbac, Mladen"]
[Result "1/2-1/2"]
[ECO "A89"]
[WhiteElo "2210"]
[BlackElo "2246"]
[Annotator "RC"]
[PlyCount "32"]
[EventDate "2023.10.22"]
[EventType "team-tourn"]
[EventCountry "SRB"]
[SourceTitle "playchess.com"]
[Source "ChessBase"]
[SourceQuality "1"]
[TimeControl "40/5400+30:1800+30"]

1. d4 d6 2. c4 f5 3. Nc3 Nf6 4. Nf3 g6 5. g3 Bg7 6. Bg2 O-O 7. O-O Nc6 8. d5 Ne5 9. Nxe5 dxe5 10. b3 a6 11. a4 e4 12. Qc2 c6 13. dxc6 bxc6 14. Rd1 Qc7 15. a5 c5 16. Rf1 Qd8 1/2-1/2

[Event "2nd Serbian League-Vojvodina 2023"]
[Site "Novi Sad"]
[Date "2023.11.07"]
[Round "8.10"]
[White "Milanovic, Marko"]
[Black "Telecki, Ivan"]
[Result "1-0"]
[ECO "B06"]
[WhiteElo "2248"]
[BlackElo "2260"]
[Annotator "RC"]
[PlyCount "53"]
[EventDate "2023.10.22"]
[EventType "team-tourn"]
[EventCountry "SRB"]
[SourceTitle "playchess.com"]
[Source "ChessBase"]
[SourceQuality "1"]
[TimeControl "40/5400+30:1800+30"]

1. e4 g6 2. d4 d6 3. Nc3 Bg7 4. Nf3 Nd7 5. Bc4 e6 6. O-O Ne7 7. Be3 Nb6 8. Bd3 d5 9. e5 Bd7 10. Qc1 h6 11. b3 Bc6 12. Ne2 Nf5 13. Bxf5 gxf5 14. Ng3 Qe7 15. Nh5 f6 16. Bf4 Nd7 17. Re1 O-O-O 18. Nxg7 Qxg7 19. exf6 Nxf6 20. Rxe6 Rdg8 21. g3 Qg4 22. Ne5 Qg7 23. Nxc6 bxc6 24. Rxc6 Ne8 25. Be5 Qd7 26. Ra6 Kb7 27. Qa3 1-0

[Event "2nd Serbian League-Vojvodina 2023"]
[Site "Novi Sad"]
[Date "2023.11.07"]
[Round "8.11"]
[White "Sukunda, Dejan"]
[Black "Joksimovic, Dragoljub"]
[Result "1-0"]
[ECO "D30"]
[WhiteElo "2010"]
[BlackElo "2123"]
[Annotator "RC"]
[PlyCount "117"]
[EventDate "2023.10.22"]
[EventType "team-tourn"]
[EventCountry "SRB"]
[SourceTitle "playchess.com"]
[Source "ChessBase"]
[SourceQuality "1"]
[TimeControl "40/5400+30:1800+30"]

1. Nf3 d5 2. d4 Nf6 3. e3 e6 4. c4 Be7 5. Bd3 Nbd7 6. O-O b6 7. b3 Bb7 8. Bb2 c5 9. Nbd2 Ne4 10. Rc1 Bf6 11. Bb1 Nxd2 12. Nxd2 e5 13. Re1 Kf8 14. cxd5 exd4 15. e4 Bg5 16. g3 Bxd2 17. Qxd2 h5 18. h4 Rh6 19. f4 Rg6 20. Qg2 Nf6 21. Rcd1 Qd7 22. Bc1 Re8 23. f5 Rg4 24. Bf4 Qd8 25. Bd3 Rxf4 26. gxf4 Ng4 27. Qg3 a6 28. Rd2 b5 29. Bf1 Qb6 30. Qd3 Bxd5 31. e5 Qd8 32. f6 Nxf6 33. Bh3 Ng4 34. Bxg4 hxg4 35. Qh7 f6 36. Rde2 f5 37. Qxf5+ Kg8 38. Qxg4 d3 39. Rd2 c4 40. f5 Qb6+ 41. Kh2 Re7 42. f6 Rc7 43. e6 Qb8 44. Qg3 Rb7 45. Qxb8+ Rxb8 46. Re5 Bc6 47. Rg5 Rf8 48. f7+ Kh7 49. Rd1 Be8 50. Rdg1 g6 51. Rxg6 Bxf7 52. Rg7+ Kh6 53. Rxf7 Re8 54. bxc4 bxc4 55. Rc7 Rxe6 56. Rxc4 Re2+ 57. Rg2 Re3 58. Rd4 Kh5 59. Rd8 1-0

[Event "2nd Serbian League-Vojvodina 2023"]
[Site "Novi Sad"]
[Date "2023.11.07"]
[Round "8.12"]
[White "Milanovic, Stanko"]
[Black "Meseldzija, Jovan"]
[Result "1-0"]
[ECO "B50"]
[WhiteElo "2115"]
[BlackElo "1639"]
[Annotator "RC"]
[PlyCount "52"]
[EventDate "2023.10.22"]
[EventType "team-tourn"]
[EventCountry "SRB"]
[SourceTitle "playchess.com"]
[Source "ChessBase"]
[SourceQuality "1"]
[TimeControl "40/5400+30:1800+30"]

1. e4 c5 2. Nf3 d6 3. c3 Nf6 4. Be2 Nc6 5. d4 cxd4 6. cxd4 Nxe4 7. d5 Qa5+ 8. Nc3 Nxc3 9. bxc3 Nb8 10. Qd4 Qc5 11. Qd3 e6 12. dxe6 Bxe6 13. Nd4 Be7 14. Nxe6 fxe6 15. Rb1 O-O 16. O-O Qc7 17. Qe4 Nc6 18. Bd3 g6 19. Qxe6+ Kg7 20. Qh3 h5 21. Qe3 Rh8 22. Qe4 Ne5 23. Rxb7 Qd8 24. Bc2 Qe8 25. f4 Nc6 26. Ba4 Nb8 1-0

[Event "2nd Serbian League-Vojvodina 2023"]
[Site "Novi Sad"]
[Date "2023.11.07"]
[Round "8.13"]
[White "Samani, Yamac"]
[Black "Nevednichy, Vladislav"]
[Result "1/2-1/2"]
[ECO "B67"]
[WhiteElo "2349"]
[BlackElo "2447"]
[Annotator "RC"]
[PlyCount "78"]
[EventDate "2023.10.22"]
[EventType "team-tourn"]
[EventCountry "SRB"]
[SourceTitle "playchess.com"]
[Source "ChessBase"]
[SourceQuality "1"]
[TimeControl "40/5400+30:1800+30"]

1. e4 c5 2. Nf3 Nc6 3. d4 cxd4 4. Nxd4 Nf6 5. Nc3 d6 6. Bg5 e6 7. Qd2 a6 8. O-O-O Bd7 9. Kb1 Be7 10. Nxc6 Bxc6 11. f3 b5 12. h4 h6 13. Be3 d5 14. e5 Nd7 15. f4 Nc5 16. Ne2 Ne4 17. Qe1 h5 18. Nd4 Qc7 19. f5 exf5 20. Nxf5 Qxe5 21. Nxe7 Qxe7 22. Bd4 O-O 23. Be2 b4 24. Bxh5 a5 25. Bf3 Rfe8 26. h5 Qg5 27. Qh4 Qh6 28. Rhe1 a4 29. Bxe4 Rxe4 30. Rxe4 dxe4 31. Bc5 Re8 32. Rd6 Re6 33. Rxe6 Qxe6 34. Qe1 b3 35. axb3 axb3 36. Qe3 bxc2+ 37. Kxc2 Qg4 38. h6 Qxg2+ 39. Kc3 f6 1/2-1/2

[Event "2nd Serbian League-Vojvodina 2023"]
[Site "Novi Sad"]
[Date "2023.11.07"]
[Round "8.14"]
[White "Stoleriu, George"]
[Black "Alimpic, Aleksa"]
[Result "1/2-1/2"]
[ECO "B10"]
[WhiteElo "2400"]
[BlackElo "2290"]
[Annotator "RC"]
[PlyCount "60"]
[EventDate "2023.10.22"]
[EventType "team-tourn"]
[EventCountry "SRB"]
[SourceTitle "playchess.com"]
[Source "ChessBase"]
[SourceQuality "1"]
[TimeControl "40/5400+30:1800+30"]

1. e4 c6 2. Nf3 d5 3. d3 dxe4 4. dxe4 Qxd1+ 5. Kxd1 Nf6 6. Nbd2 g6 7. Ne5 Nbd7 8. Nd3 Ng4 9. h3 Nge5 10. Nxe5 Nxe5 11. Nc4 Bg7 12. c3 Be6 13. Nxe5 Bxe5 14. Bh6 a5 15. a4 Bb3+ 16. Kc1 O-O-O 17. Be2 f6 18. Be3 g5 19. g3 h5 20. h4 g4 21. Bd1 Bc4 22. Re1 Kc7 23. Ra3 Ra8 24. Bb3 Bxb3 25. Rxb3 Ra6 26. Rd1 b6 27. c4 Bd6 28. Kd2 c5 29. Ke2 Raa8 30. Rbd3 Rad8 1/2-1/2

[Event "2nd Serbian League-Vojvodina 2023"]
[Site "Novi Sad"]
[Date "2023.11.07"]
[Round "8.15"]
[White "Pajcin, Lav"]
[Black "Kovacevic, Sinisa"]
[Result "1-0"]
[ECO "D37"]
[WhiteElo "2109"]
[BlackElo "2240"]
[Annotator "RC"]
[PlyCount "59"]
[EventDate "2023.10.22"]
[EventType "team-tourn"]
[EventCountry "SRB"]
[SourceTitle "playchess.com"]
[Source "ChessBase"]
[SourceQuality "1"]
[TimeControl "40/5400+30:1800+30"]

1. d4 d5 2. c4 e6 3. Nf3 Nf6 4. Nc3 Nbd7 5. Bf4 dxc4 6. e3 Nb6 7. Bxc4 Nxc4 8. Qa4+ c6 9. Qxc4 Bd6 10. Bxd6 Qxd6 11. O-O O-O 12. Rac1 Rd8 13. Qe2 Nd5 14. Ne4 Qe7 15. Ne5 f6 16. Nd3 e5 17. dxe5 Bf5 18. Nec5 Bxd3 19. Qxd3 fxe5 20. Qb3 b6 21. Na6 Qb7 22. Nb4 c5 23. Nd3 e4 24. Nxc5 Qe7 25. Rfd1 Qe5 26. Nxe4 Qxe4 27. Rc4 Qe6 28. Rcd4 Rac8 29. e4 Re8 30. Rxd5 1-0

[Event "2nd Serbian League-Vojvodina 2023"]
[Site "Novi Sad"]
[Date "2023.11.07"]
[Round "8.16"]
[White "Parezanin, Darko"]
[Black "Gagic, Milan A"]
[Result "0-1"]
[ECO "D34"]
[WhiteElo "2192"]
[BlackElo "2164"]
[Annotator "RC"]
[PlyCount "70"]
[EventDate "2023.10.22"]
[EventType "team-tourn"]
[EventCountry "SRB"]
[SourceTitle "playchess.com"]
[Source "ChessBase"]
[SourceQuality "1"]
[TimeControl "40/5400+30:1800+30"]

1. c4 e6 2. g3 d5 3. Bg2 Nf6 4. Nf3 c5 5. cxd5 exd5 6. d4 Nc6 7. O-O Be7 8. Nc3 O-O 9. a3 c4 10. b3 Ne4 11. Bb2 Nxc3 12. Bxc3 b5 13. bxc4 bxc4 14. Rb1 Bf5 15. Ra1 Be4 16. Qa4 Qd7 17. Bb4 Bxb4 18. axb4 Qd6 19. b5 Bxf3 20. bxc6 Bxg2 21. Kxg2 Rfc8 22. Rfb1 h5 23. Rb5 Qxc6 24. Qa5 Rd8 25. Rc5 Qe6 26. Qd2 h4 27. Ra3 h3+ 28. Kf1 Rab8 29. Qc2 Rd7 30. f3 Rdb7 31. Qc3 Rb1+ 32. Kf2 Rh1 33. e4 Rxh2+ 34. Ke3 Qh6+ 35. f4 Qh5 0-1

[Event "2nd Serbian League-Vojvodina 2023"]
[Site "Novi Sad"]
[Date "2023.11.07"]
[Round "8.17"]
[White "Pavkov, Nebojsa"]
[Black "Zolotic, Zoran"]
[Result "1-0"]
[ECO "B08"]
[WhiteElo "2199"]
[BlackElo "2193"]
[Annotator "RC"]
[PlyCount "37"]
[EventDate "2023.10.22"]
[EventType "team-tourn"]
[EventCountry "SRB"]
[SourceTitle "playchess.com"]
[Source "ChessBase"]
[SourceQuality "1"]
[TimeControl "40/5400+30:1800+30"]

1. Nf3 g6 2. e4 Bg7 3. d4 d6 4. Nc3 Nf6 5. h3 O-O 6. Bg5 c6 7. Qd2 b5 8. Bd3 a6 9. e5 Ne8 10. Bh6 Bb7 11. h4 f6 12. Bxg7 Kxg7 13. h5 g5 14. Nxg5 fxg5 15. Qxg5+ Kh8 16. Qh6 Rf7 17. Bxh7 Ng7 18. Bg6+ Kg8 19. Nb1 1-0

[Event "2nd Serbian League-Vojvodina 2023"]
[Site "Novi Sad"]
[Date "2023.11.07"]
[Round "8.18"]
[White "Krejic, Igor"]
[Black "Cica, Dragan"]
[Result "1/2-1/2"]
[ECO "B51"]
[WhiteElo "2128"]
[BlackElo "2125"]
[Annotator "RC"]
[PlyCount "101"]
[EventDate "2023.10.22"]
[EventType "team-tourn"]
[EventCountry "SRB"]
[SourceTitle "playchess.com"]
[Source "ChessBase"]
[SourceQuality "1"]
[TimeControl "40/5400+30:1800+30"]

1. e4 c5 2. Nf3 d6 3. Bb5+ Nd7 4. c3 a6 5. Bd3 g6 6. O-O Bg7 7. Bc2 e5 8. d4 Qc7 9. a4 Rb8 10. dxc5 dxc5 11. c4 Ne7 12. Nc3 O-O 13. Bg5 f6 14. Be3 Rd8 15. Qe2 Nf8 16. Nd5 Qd6 17. Rfd1 Nc6 18. b4 b6 19. Nxb6 Nd4 20. Nxd4 exd4 21. bxc5 Qxc5 22. a5 Bg4 23. Bxd4 Bxe2 24. Bxc5 Bxd1 25. Rxd1 Rxd1+ 26. Bxd1 Ne6 27. Be3 f5 28. exf5 gxf5 29. c5 Nd4 30. Ba4 f4 31. Bd2 Rd8 32. Nd7 Rc8 33. Kf1 f3 34. gxf3 Nb5 35. Bb3+ Kh8 36. Bd5 Rc7 37. c6 Nc3 38. Bxc3 Bxc3 39. Nc5 Bxa5 40. Nxa6 Re7 41. Be4 Kg7 42. Ke2 Ra7 43. Bd3 Kf7 44. f4 Ke6 45. Nb8 Kd6 46. Be4 h6 47. Nd7 Rxd7 48. cxd7 Kxd7 49. Kf3 Ke7 50. Kg4 Kf6 51. Kh5 1/2-1/2

[Event "2nd Serbian League-Vojvodina 2023"]
[Site "Novi Sad"]
[Date "2023.11.07"]
[Round "8.19"]
[White "Benkovic, Petar"]
[Black "Georgiev, Krum"]
[Result "1/2-1/2"]
[ECO "A49"]
[WhiteElo "2361"]
[BlackElo "2294"]
[Annotator "RC"]
[PlyCount "22"]
[EventDate "2023.10.22"]
[EventType "team-tourn"]
[EventCountry "SRB"]
[SourceTitle "playchess.com"]
[Source "ChessBase"]
[SourceQuality "1"]
[TimeControl "40/5400+30:1800+30"]

1. Nf3 Nf6 2. g3 g6 3. b3 Bg7 4. Bb2 d6 5. d4 a5 6. Bg2 O-O 7. O-O c6 8. a4 d5 9. Nbd2 Bf5 10. Nh4 Be6 11. Nhf3 Bf5 1/2-1/2

[Event "2nd Serbian League-Vojvodina 2023"]
[Site "Novi Sad"]
[Date "2023.11.07"]
[Round "8.20"]
[White "Indjic, Dusan"]
[Black "Jocev, Milan"]
[Result "0-1"]
[ECO "D13"]
[WhiteElo "2304"]
[BlackElo "2338"]
[Annotator "RC"]
[PlyCount "86"]
[EventDate "2023.10.22"]
[EventType "team-tourn"]
[EventCountry "SRB"]
[SourceTitle "playchess.com"]
[Source "ChessBase"]
[SourceQuality "1"]
[TimeControl "40/5400+30:1800+30"]

1. d4 d5 2. Nf3 Nf6 3. Bg5 Ne4 4. Bf4 c5 5. c3 cxd4 6. cxd4 Nc6 7. Nc3 e6 8. e3 g5 9. Be5 f6 10. Bg3 h5 11. h4 Nxg3 12. fxg3 Bd6 13. Kf2 Qe7 14. Bb5 Qg7 15. hxg5 fxg5 16. e4 g4 17. e5 Be7 18. Nh4 Bd7 19. Qd3 O-O-O 20. Bxc6 Bxc6 21. Ng6 Rh6 22. Nxe7+ Qxe7 23. Rh4 Rf8+ 24. Kg1 Qb4 25. b3 Kb8 26. Rf1 Rxf1+ 27. Kxf1 Rh8 28. Kg1 a6 29. Qe3 Be8 30. Kh2 Ka7 31. Nd1 Bg6 32. Nf2 Bf5 33. Nd1 Rc8 34. Rxh5 Rc2 35. Rxf5 exf5 36. e6 Qe7 37. Nc3 f4 38. Qd3 fxg3+ 39. Kxg3 Qd6+ 40. Kh4 Rxg2 41. Qf5 Qe7+ 42. Kh5 Rh2+ 43. Kxg4 Qh4+ 0-1

[Event "2nd Serbian League-Vojvodina 2023"]
[Site "Novi Sad"]
[Date "2023.11.07"]
[Round "8.21"]
[White "Stankovic, Milos M"]
[Black "Mijatovic, Dusan"]
[Result "1-0"]
[ECO "E11"]
[WhiteElo "2249"]
[BlackElo "2139"]
[Annotator "RC"]
[PlyCount "85"]
[EventDate "2023.10.22"]
[EventType "team-tourn"]
[EventCountry "SRB"]
[SourceTitle "playchess.com"]
[Source "ChessBase"]
[SourceQuality "1"]
[TimeControl "40/5400+30:1800+30"]

1. d4 Nf6 2. c4 e6 3. g3 Bb4+ 4. Bd2 a5 5. Bg2 d6 6. Nf3 Nbd7 7. O-O e5 8. Nc3 exd4 9. Nxd4 O-O 10. Nd5 Bxd2 11. Qxd2 c6 12. Ne3 Nb6 13. Rfd1 Re8 14. Nxc6 bxc6 15. Bxc6 Bd7 16. Bxa8 Qxa8 17. Qxd6 Re6 18. Qd4 Qc6 19. Nd5 Be8 20. Nxb6 Qxb6 21. Qxb6 Rxb6 22. b3 Kf8 23. f3 Bc6 24. Rab1 Nd7 25. a3 Ne5 26. Rdc1 g5 27. b4 axb4 28. axb4 h5 29. b5 Bd7 30. Kf2 Ke7 31. Ke3 f6 32. Rb4 Rb8 33. Rcb1 Be6 34. c5 Nc4+ 35. Kd4 Na3 36. R1b2 Rd8+ 37. Kc3 Rb8 38. b6 Bd5 39. Ra4 Nc4 40. Rxc4 Bxc4 41. Kxc4 Kd7 42. Rd2+ Kc8 43. Kb5 1-0

[Event "2nd Serbian League-Vojvodina 2023"]
[Site "Novi Sad"]
[Date "2023.11.07"]
[Round "8.22"]
[White "Mijatovic, Dejan"]
[Black "Milekic, Daniel"]
[Result "1/2-1/2"]
[ECO "D85"]
[WhiteElo "2185"]
[BlackElo "2236"]
[Annotator "RC"]
[PlyCount "101"]
[EventDate "2023.10.22"]
[EventType "team-tourn"]
[EventCountry "SRB"]
[SourceTitle "playchess.com"]
[Source "ChessBase"]
[SourceQuality "1"]
[TimeControl "40/5400+30:1800+30"]

1. d4 Nf6 2. c4 g6 3. Nc3 d5 4. cxd5 Nxd5 5. Bd2 Bg7 6. e4 Nxc3 7. Bxc3 O-O 8. Bc4 Nd7 9. Ne2 c5 10. O-O cxd4 11. Bxd4 Ne5 12. Bb3 Bg4 13. f3 Bd7 14. f4 Ng4 15. Bxg7 Kxg7 16. Qd4+ Kg8 17. Rfd1 Bb5 18. Qxd8 Raxd8 19. Nc3 Bc6 20. Rxd8 Rxd8 21. Rd1 Rxd1+ 22. Bxd1 Nf6 23. Bc2 e5 24. fxe5 Nd7 25. e6 fxe6 26. Kf2 Kf7 27. b4 b6 28. Ke3 Ke7 29. Kd4 e5+ 30. Ke3 Nf6 31. Bd1 Kd6 32. Be2 h6 33. Bd1 g5 34. Be2 a5 35. a3 Ne8 36. Bd1 Nc7 37. Be2 Ne6 38. Bd3 Nd4 39. Ne2 Nxe2 40. Bxe2 Ba4 41. Kd2 Be8 42. Ke3 Bf7 43. Bb5 Be6 44. Kd3 h5 45. Ke3 h4 46. Kd3 Bf7 47. g3 Bh5 48. Ke3 Bg4 49. Kd3 Be6 50. Ke3 Ke7 51. Be2 1/2-1/2

[Event "2nd Serbian League-Vojvodina 2023"]
[Site "Novi Sad"]
[Date "2023.11.07"]
[Round "8.23"]
[White "Radlovacki, Jovan"]
[Black "Bojkovic, Slobodan"]
[Result "1-0"]
[ECO "B40"]
[WhiteElo "2268"]
[BlackElo "2031"]
[Annotator "RC"]
[PlyCount "83"]
[EventDate "2023.10.22"]
[EventType "team-tourn"]
[EventCountry "SRB"]
[SourceTitle "playchess.com"]
[Source "ChessBase"]
[SourceQuality "1"]
[TimeControl "40/5400+30:1800+30"]

1. e4 c5 2. Nf3 e6 3. c3 Nf6 4. d3 Nc6 5. g3 Be7 6. Bg2 d5 7. Qe2 b6 8. O-O Bb7 9. Nbd2 Rc8 10. e5 Ng8 11. h4 h5 12. Re1 Nh6 13. Nf1 Kf8 14. Ng5 g6 15. Nh2 Kg7 16. Nh3 Nf5 17. Nf4 Qd7 18. Bh3 Rce8 19. Nf3 d4 20. c4 Nd8 21. Bg2 Bc6 22. Bd2 a5 23. b3 Bb7 24. a3 Nc6 25. Rab1 Ra8 26. Nh3 Nd8 27. Nhg5 b5 28. Ne4 Bc6 29. cxb5 Bxb5 30. Rec1 Qa7 31. Bg5 Nb7 32. Bf6+ Bxf6 33. exf6+ Kf8 34. Ne5 Rc8 35. Ng5 Be8 36. b4 axb4 37. axb4 Nfd6 38. Nxg6+ fxg6 39. Qxe6 Rc7 40. bxc5 Bf7 41. Nxf7 Nxf7 42. Rxb7 1-0